 Dungeon Crawl Stone Soup version 0.18.1-48-g4cf74bf (webtiles) character file.

18 MTVSty1e the Digger (level 2, 0/23 HPs)
             Began as a Formicid Earth Elementalist on July 30, 2016.
             Succumbed to an adder's poison
             ... on level 2 of the Dungeon.
             The game lasted 00:02:12 (669 turns).

MTVSty1e the Digger (Formicid Earth Elementalist)    Turns: 669, Time: 00:02:12

Health: 0/23       AC:  2    Str: 12    XL:     2   Next: 85%
Magic:  4/5        EV: 11    Int: 14    God:
Gold:   84         SH:  4    Dex: 11    Spells: 1 memorised, 4 levels left

rFire  . . .     SeeInvis +     e - +0 short sword
rCold  + . .     Gourm    .     a - +0 robe
rNeg   . . .     Faith    .     i - +1 buckler {rC+}
rPois  .         Spirit   .     (helmet unavailable)
rElec  .         Dismiss  .     (no cloak)
rCorr  .         Reflect  .     (no gloves)
SustAt .         Harm     .     (no boots)
MR     .....                    (no amulet)
Stlth  ++........               (no ring)
                                (no ring)

@: lethally poisoned (0 -> -4), not resistant to hostile enchantments,
unstealthy
A: permanent stasis, dig shafts and tunnels, four strong arms, antennae 3
a: Dig, Shaft Self


You were on level 2 of the Dungeon.
You were not hungry.

You visited 1 branch of the dungeon, and saw 2 of its levels.

You collected 84 gold pieces.

Inventory:

Hand Weapons
 e - a +0 short sword (weapon)
Missiles
 b - 83 stones (quivered)
Armour
 a - a +0 robe (worn)
 i - a +1 buckler of cold resistance (worn)
Wands
 m - a wand of iceblast (4/15)
Scrolls
 g - a scroll of identify {unknown}
 h - a scroll of amnesia {unknown}
 j - a scroll of remove curse {unknown}
 k - a scroll of blinking {unknown}
 n - a scroll of enchant armour {unknown}
 o - a scroll of teleportation {unknown}
Books
 c - a book of Geomancy

   Spells                             Type                      Level
   a - Sandblast                      Earth                        1
   b - Passwall                       Transmutation/Earth          2
   c - Stone Arrow                    Conjuration/Earth            3
   d - Petrify                        Transmutation/Earth          4
   e - Lee's Rapid Deconstruction     Earth                        5
Comestibles
 d - a bread ration
 f - a meat ration
 l - a royal jelly


   Skills:
 * Level 2.3 Fighting
 - Level 1.7 Dodging
 - Level 2.4 Stealth
 + Level 0.2 Shields
 - Level 2.1 Spellcasting
   Level 1.1 Transmutations
 - Level 3.6 Earth Magic


You had 4 spell levels left.
You knew the following spells:

 Your Spells              Type           Power        Failure   Level  Hunger
a - Sandblast             Erth           ##....       10%         1    #......


Dungeon Overview and Level Annotations

Branches:
Dungeon (1/15)

Altars:


Innate Abilities, Weirdness & Mutations

You are under a permanent stasis effect.
You can dig through walls and to a lower floor.
Your four strong arms can wield two-handed weapons with a shield.
You have a pair of large antennae on your head (SInv).


Message History

You feel sick. The adder misses you.
Items here: ( )) † a dagger; a hunting sling; 28 stones; a goblin corpse You closely miss the adder.
The adder is severely wounded.
The adder bites you.
* * * LOW HITPOINT WARNING * * *
The adder barely misses you.
You hit the adder.
The adder is almost dead.
The adder completely misses you.
You closely miss the adder.
The adder is almost dead.
The adder bites you.
* * * LOW HITPOINT WARNING * * *
You block the adder's attack.
You aren't carrying any potions.
You closely miss the adder.
The adder is almost dead.
You die...

#. ##.# ##...#
##.....##
#.....$.##
.........######
#............
#. #@S# #. #..#
#. #..#######
#. #....%....
#. #.########
#.###.####
#........#
#..#####.# #..#
#.#


You could see an adder.

Vanquished Creatures
  A dart slug (D:1)
  2 goblins (D:2)
  A hobgoblin (D:1)
  A jackal (D:2)
  A ball python (D:1)
  4 bats
  2 giant newts (D:1)
  2 kobolds (D:1)
  4 rats
18 creatures vanquished.

Notes
Turn   | Place    | Note
--------------------------------------------------------------
     0 | D:1      | MTVSty1e the Formicid Earth Elementalist began the quest for the Orb.
     0 | D:1      | Reached XP level 1. HP: 13/13 MP: 3/3
   172 | D:1      | Reached skill level 1 in Fighting
   179 | D:1      | Reached XP level 2. HP: 21/21 MP: 3/5
   543 | D:1      | You fall through a shaft!
   668 | D:2      | HP: 1/23 [adder (1)]
   669 | D:2      | Succumbed to an adder's poison

Skill      XL: |  1  2 |
---------------+-------+-----
Fighting       | 1 2 |  2.3
Dodging        | |  1.7
Stealth        | |  2.4
Shields        | |  0.2
Spellcasting   | |  2.1
Transmutations | |  1.1
Earth Magic    | |  3.6

Action                   || total
-------------------------++-------
Melee: Short sword       ||    57
       Unarmed           ||     4
 Cast: Sandblast         ||     7
 Stab: Sleeping          ||     2
Armor: Robe              ||    23
Dodge: Dodged            ||    57
Block: Buckler           ||    12
